 Dungeon Crawl Stone Soup version 0.20.0-15-g7f486f2 (webtiles) character file.

156 4thArraOfDagon the Slasher (level 5, -7/38 HPs)
             Began as a Mummy Warper on June 11, 2017.
             Was an Initiate of Gozag.
             Mangled by Menkaure (12 damage)
             ... on level 7 of the Dungeon.
             The game lasted 00:09:10 (3871 turns).

4thArraOfDagon the Slasher (Mummy Warper)           Turns: 3871, Time: 00:09:11

Health: -7/38      AC:  6    Str: 15    XL:     5   Next: 15%
Magic:  9/9        EV: 11    Int: 13    God:    Gozag
Gold:   291        SH:  3    Dex: 11    Spells: 3/9 levels left

rFire    . . .     SeeInvis .   a - +0 falchion
rCold    + + .     Gourm    .   (no shield)
rNeg     + + +     Faith    .   g - +0 ring mail
rPois    ∞         Spirit   .   u - +0 helmet
rElec    .         Reflect  +   n - scarf {rC+ rF+}
rCorr    .         Harm     .   (no gloves)
MR       .....                  (no boots)
Stlth    +.........             p - +3 amulet of reflection
Regen    0.2/turn               r - +2 ring of slaying
MPRegen  0.2/turn               t - ring of positive energy

@: no status effects
A: no food or potions, fire vulnerability, cold resistance 1, negative energy
resistance 3, torment resistance, unbreathing
a: Potion Petition, Call Merchant, Bribe Branch, Renounce Religion


You were on level 7 of the Dungeon.
You worshipped Gozag.
Gozag was aware of your devotion.
You were not hungry.

You visited 2 branches of the dungeon, and saw 8 of its levels.

You collected 410 gold pieces.
You paid 119 gold pieces to Gozag.

Inventory:

Hand Weapons
 a - a +0 falchion (weapon)
Missiles
 e - 2 tomahawks of dispersal (quivered)
 m - 10 javelins
 w - 13 tomahawks
 x - 3 javelins of returning
Armour
 b - a +0 leather armour
 f - a +0 cloak
 g - a +0 ring mail (worn)
 n - a scarf of resistance (worn)
 u - a +0 helmet (worn)
 v - a +0 chain mail
Jewellery
 i - an uncursed amulet of magic regeneration
 p - a +3 amulet of reflection (around neck)
 r - a +2 ring of slaying (left hand)
 t - a ring of positive energy (right hand)
Scrolls
 d - 2 scrolls of blinking
 h - a scroll of identify
 j - a scroll of remove curse {unknown}
 k - 2 scrolls of random uselessness {unknown}
 l - a scroll of enchant weapon {unknown}
 o - a scroll of recharging {unknown}
 q - a scroll of teleportation
 s - a scroll of enchant armour
Books
 c - a book of Spatial Translocations

   Spells                             Type                      Level
   a - Blink                          Translocation                2
   b - Shroud of Golubria             Charms/Translocation         2
   c - Lesser Beckoning               Translocation                3
   d - Gell's Gravitas                Translocation                3
   e - Teleport Other                 Translocation                3
   f - Passage of Golubria            Translocation                4


   Skills:
 - Level 2.0 Fighting
 * Level 3.3 Long Blades
 - Level 0.7 Throwing
 + Level 1.9 Armour
 + Level 2.6 Dodging
 - Level 2.6 Spellcasting
 - Level 2.4 Translocations


You had 3 spell levels left.
You knew the following spells:

 Your Spells              Type           Power        Failure   Level  Hunger
a - Blink                 Tloc           N/A          26%         2    N/A
b - Passage of Golubria   Tloc           N/A          86%         4    N/A

Dungeon Overview and Level Annotations

Branches:
Dungeon (7/15)             Temple (1/1) D:4

Altars:
Cheibriados
Dithmenos
Gozag
Hepliaklqana
Kikubaaqudgha
Nemelex Xobeh
Okawaru
Sif Muna
Trog
Uskayaw
Yredelemnul
The Shining One

Annotations:
D:4 Gorglomux's ghost, amateur OgEn; Sigmund
D:7 Menkaure


Innate Abilities, Weirdness & Mutations

You do not eat or drink.
Your flesh is vulnerable to fire.
You are immune to poison.
Your flesh is cold resistant. (rC+)
You are immune to negative energy. (rN+++)
You are immune to unholy pain and torment.
You can survive without breathing.


Message History

Unknown command.
You close the door.
Menkaure hits you.
You barely miss Menkaure. Menkaure barely misses you.
Your ring mail prevents you from hitting Menkaure.
Menkaure closely misses you.
You riposte.
You hit Menkaure.
Menkaure is lightly damaged.
You barely miss Menkaure.
Menkaure is lightly damaged.
You hit Menkaure.
Menkaure is moderately damaged.
Menkaure barely misses you.
You barely miss Menkaure.
Menkaure is moderately damaged.
Menkaure hits you!
* * * LOW HITPOINT WARNING * * *
You barely miss Menkaure.
Menkaure is moderately damaged.
Menkaure hits you!
You die...
Your body crumbles into a pile of gold.

.... ### #... ....
###### ... ... #....#
.. #.##.##.# .#######
#..#.##.### #......#
###....##...####......#
..............s+M.....+
###.##.####.####@.....#
#.<.(.....# #......#
#.###.##### ########
... .# .... ## ....
.... .... ....


You could see Menkaure.

Vanquished Creatures
  An orc priest (D:3)
  Jessica (D:2)
  2 adders
  2 oozes
  A dart slug (D:3)
  3 leopard geckos
  6 orcs
  5 giant cockroaches
  8 hobgoblins
  5 kobolds
  3 quokkas
  6 bats
  8 frilled lizards
  6 goblins
  9 rats
66 creatures vanquished.

Notes
Turn   | Place    | Note
-------+----------+-------------------------------------------
     0 | D:1      | 4thArraOfDagon the Mummy Warper began the quest for the Orb.
     0 | D:1      | Reached XP level 1. HP: 16/16 MP: 4/4
     0 | D:1      | murphy: well the poeple who could aren't ineterested
     0 | D:1      | Vajrapani: 4tharra will win this in the last 12 minutes
   227 | D:1      | Turgon: 4thArraOf_qw RUN
   249 | D:1      | Turgon: GET THE 3 runes
   381 | D:1      | Turgon: Now you all will see that 4thArra is a bot too
   389 | D:1      | murphy: in the 0.19 tourney pedritolo got the last win
   391 | D:1      | Soyweiser: Think 4th will just splat in the next 12 minutes :D
   393 | D:1      | pedritolo: run you bastard run!
   399 | D:1      | Reached skill level 1 in Armour
   407 | D:1      | murphy: with a 3 hour game
   409 | D:1      | Reached XP level 2. HP: 9/22 MP: 5/5
   410 | D:1      | Tedronai: yeah that tourney had quite the fight
   628 | D:1      | Tedronai: but still not as legendary as 0.15
   638 | D:1      | Tedronai: http://dobrazupa.org/tournament/0.15/teams.html
   656 | D:1      | Vajrapani: I'm excited for the the next one
   656 | D:1      | Reached skill level 2 in Long Blades
   694 | D:1      | Vajrapani: since i won't have exams, time for 247 playing
   701 | D:2      | Turgon: What was exciting about 0.15?
   708 | D:1      | Tedronai: 28k vs 27k
   774 | D:1      | Learned a level 2 spell: Blink
   938 | D:2      | NormalPerson7: this year was 22.9k vs 22.0k
   959 | D:2      | murphy: hey vajrapani are u happy with our clan result?
   962 | D:2      | Reached XP level 3. HP: 27/27 MP: 7/7
   970 | D:2      | Tedronai: I think these were the highest scores ever
   977 | D:2      | murphy: we are #8
  1075 | D:2      | Tedronai: Tolas scored 7.9k
  1099 | D:2      | Tedronai: *Tolias
  1155 | D:3      | Soyweiser: okey, as a mummy is there any reason not to rest up back to full health?
  1265 | D:3      | Vajrapani: hm, numder #8 clan
  1345 | D:3      | murphy: piety decay
  1348 | D:3      | Turgon: Yes, the turncount
  1350 | D:3      | NormalPerson7: yeah turncount
  1352 | D:3      | Vajrapani: would be #7 if I didn't splat 2 times in zot:5 , murphy
  1382 | D:3      | murphy: yes
  1402 | D:3      | murphy: those jiyva
  1409 | D:3      | murphy: runs
  1417 | D:3      | Vidiiot: Oh what it's the tournament?
  1423 | D:3      | Vajrapani: still have PTSD
  1424 | D:3      | murphy: very unlucky
  1451 | D:3      | NormalPerson7: !time
  1454 | D:3      | pedritolo: so did you guys get all those banners
  1457 | D:3      | beem: Time: Jun 11, 2017, 07:52:12 PM, UTC. The 2017 0.20 tournament ends in 7 minutes and 47 seconds.
  1478 | D:3      | Vidiiot: Wow hahaha.
  1484 | D:3      | Vidiiot: I didn't realise.
  1499 | D:3      | Vajrapani: kuniqs got a ton of the hard tier 3 ones
  1525 | D:3      | murphy: yes we got them all
  1533 | D:3      | Vajrapani: and murphy for ruthless III
  1581 | D:4      | Noticed Sigmund
  1588 | D:4      | Noticed Gorglomux's ghost (amateur OgEn)
  1588 | D:4      | murphy: kunqis even did the ruthless III one today
  1620 | D:3      | Vajrapani: woah
  1663 | D:3      | Turgon: And 4thArra will get speed demon IV because he will win now
  1665 | D:4      | NormalPerson7: he was trying, with the hep penance
  1742 | D:5      | Entered Level 5 of the Dungeon
  1752 | D:5      | Reached XP level 4. HP: 33/33 MP: 8/8
  1815 | D:6      | Noticed an ogre
  1840 | D:5      | Vajrapani: what this tourny has taught me is: I can't play non-tabbers for shit
  1841 | D:5      | NormalPerson7: 6 minutes left, just enough time
  1842 | D:5      | pedritolo: i don't know, i'm not liking this mummy reboot
  1855 | D:4      | pedritolo: the original was way better
  2026 | D:4      | Vajrapani: kek
  2031 | D:4      | Learned a level 4 spell: Passage of Golubria
  2090 | D:4      | murphy: huh?
  2121 | D:4      | Found a staircase to the Ecumenical Temple.
  2128 | Temple   | Entered the Ecumenical Temple
  2129 | Temple   | Turgon: pedritolo: which mummy reboot?
  2145 | Temple   | Became a worshipper of Gozag Ym Sagoz the Greedy
  2180 | D:4      | pedritolo: it was a joke combining this new the mummy movie and ara's game
  2193 | D:4      | pedritolo: so nm
  2244 | D:1      | murphy: 4tharra said he not happy with our clans position
  2380 | D:1      | Soyweiser: you talking about a movie while people are playing crawl? you got some bad priorities.
  2410 | D:1      | murphy: he wanted us to be #5 at least
  2648 | D:2      | Noticed Jessica
  2659 | D:2      | Killed Jessica
  2659 | D:2      | Reached skill level 3 in Long Blades
  2706 | D:2      | You fall through a shaft!
  2811 | D:4      | murphy: is it a move about the MoMu challenge? :P
  2824 | D:4      | murphy: movie
  2836 | D:4      | Vajrapani: I wanted #5 as well, but splatted so hard towards the end of the tourny
  2980 | D:4      | Soyweiser: didn't somebody win mumo?
  2981 | D:4      | NormalPerson7: btw guys there's 4 games on zot:5 right now
  2984 | D:4      | Found a snail-covered altar of Cheibriados.
  3012 | D:4      | Noticed an ogre
  3034 | D:4      | Turgon: oh, thx
  3055 | D:4      | Vajrapani: yeah, mumo was won by a person from this sever
  3065 | D:3      | Vajrapani: esperanza
  3066 | D:3      | Vajrapani: i think
  3082 | D:3      | Reached XP level 5. HP: 27/38 MP: 9/9
  3083 | D:3      | pedritolo: see? he gets it
  3225 | D:4      | Soyweiser: zot:5 on a differnt server?
  3303 | D:4      | murphy: kunqis are u happy with rank #8 for our clan?
  3309 | D:4      | Turgon: oh, that was a joke
  3651 | D:4      | Turgon: http://crawl.develz.org/wordpress/player-status
  3661 | D:4      | kuniqs: we're in the first 10 at least
  3763 | D:4      | Turgon: these are actual games
  3783 | D:4      | You fall through a shaft for 2 floors!
  3816 | D:6      | murphy: 4thArra wanted us to be in the top 5
  3824 | D:6      | kuniqs: next tournament I'll try playing for points
  3829 | D:6      | Noticed a sky beast
  3858 | D:7      | Noticed Menkaure
  3871 | D:7      | Mangled by Menkaure

Skill      XL: |  1  2  3  4 |
---------------+-------------+-----
Armour         | 1 |  1.9
Long Blades    | 2 3 |  3.3
Dodging        | 2 |  2.6
Fighting       | |  2.0
Throwing       | |  0.7
Spellcasting   | |  2.6
Translocations | |  2.4

Action                   |  1- 3 |  4- 6 || total
-------------------------+-------+-------++-------
Melee: Falchion          |   148 |    83 ||   231
Throw: Tomahawk          |       |     3 ||     3
  Use: Scroll            |     3 |     3 ||     6
Armor: Leather armour    |     8 |       ||     8
       Ring mail         |    41 |    33 ||    74
Dodge: Dodged            |    96 |    59 ||   155
Block: Other             |     3 |     8 ||    11
       Reflection        |       |     1 ||     1
       Rpst.: Falchion   |    37 |    14 ||    51
